 Dungeon Crawl Stone Soup version 0.19-a0 (webtiles) character file.

158 Loki the Insei (level 5, -1/31 HPs)
             Began as an Octopode Necromancer on Apr 27, 2016.
             Slain by a gnoll (5 damage)
             ... on level 4 of the Dungeon.
             The game lasted 00:27:15 (1220 turns).

Loki the Insei (Octopode Necromancer)               Turns: 1220, Time: 00:27:16

Health: -1/31      AC:  1    Str:  7    XL:     5   Next: 39%
Magic:  4/8        EV: 12    Int: 19    God:
Gold:   224        SH:  0    Dex: 12    Spells: 3 memorised, 3 levels left

rFire  . . .     SeeInvis .       - Unarmed
rCold  . . .     Gourm    .     (no shield)
rNeg   . . .     Faith    .     (helmet restricted)
rPois  .         Spirit   .     (no amulet)
rElec  .         Dismiss  .     (no ring)
rCorr  .         Reflect  .     (no ring)
SustAt .         Harm     .     (no ring)
MR     .....                    (no ring)
Stlth  +++.......               (no ring)
                                (no ring)
                                (no ring)
                                (no ring)

@: regenerating, not resistant to hostile enchantments, fairly stealthy
A: almost no armour, amphibious, 8 rings, constrict 8, camouflage 1, gelatinous
body 1
a: no special abilities


You were on level 4 of the Dungeon.
You were not hungry.

You visited 1 branch of the dungeon, and saw 4 of its levels.

You collected 224 gold pieces.

Inventory:

Missiles
 f - a throwing net (quivered)
Jewellery
 g - an uncursed ring of teleportation
Scrolls
 c - a scroll of noise {unknown}
 d - a scroll of fear
 e - a scroll of teleportation
 i - a scroll of fog {unknown}
 k - a scroll of remove curse
 l - a scroll of random uselessness {unknown}
Potions
 h - a potion of cure mutation {unknown}
 j - 2 potions of berserk rage
Books
 a - a book of Necromancy

   Spells                             Type                      Level
   a - Pain                           Necromancy                   1
   b - Animate Skeleton               Necromancy                   1
   c - Vampiric Draining              Necromancy                   3
   d - Regeneration                   Charms/Necromancy            3
   e - Animate Dead                   Necromancy                   4
   f - Control Undead                 Necromancy                   4
 m - a book of Unlife

   Spells                             Type                      Level
   a - Recall                         Summoning/Translocation      3
   b - Animate Dead                   Necromancy                   4
   c - Control Undead                 Necromancy                   4
   d - Cigotuvi's Embrace             Necromancy                   5
   e - Death Channel                  Necromancy                   6
   f - Simulacrum                     Ice/Necromancy               6
Comestibles
 b - 5 bread rations


   Skills:
 + Level 2.6 Dodging
 - Level 2.6 Stealth
 * Level 4.5 Unarmed Combat
 - Level 2.0 Spellcasting
 - Level 4.0 Necromancy


You had 3 spell levels left.
You knew the following spells:

 Your Spells              Type           Power        Failure   Level  Hunger
a - Pain                  Necr           ###.         3%          1    #......
A - Animate Skeleton      Necr           N/A          3%          1    #......
R - Regeneration          Chrm/Necr      #.........   21%         3    ###....


Dungeon Overview and Level Annotations

Branches:
Dungeon (4/15)
 Temple: D:4-7

Altars:
Qazlal
Sif Muna
Vehumet


Innate Abilities, Weirdness & Mutations

You cannot wear most types of armour.
You are amphibious.
You can wear up to eight rings at the same time.
You can use your tentacles to constrict eight enemies at once.
Your skin changes colour to match your surroundings (Stealth).
Your rubbery body absorbs attacks (AC +1).


Message History

You constrict Natasha. Natasha claws you.
* * * LOW HITPOINT WARNING * * *
You tentacle-slap Natasha but do no damage.
Your squeeze misses Natasha.
Natasha is severely wounded.
You constrict Natasha. Natasha closely misses you.
You tentacle-slap Natasha.
You kill Natasha!
Natasha growls in agony!
b - 5 bread rations (gained 1)
The gnoll closely misses you.
An adder comes into view.
The gnoll hits you!
* * * LOW HITPOINT WARNING * * *
A crimson imp comes into view.
Found a brightly glowing robe.
Found a stone staircase leading down.
Casting: Pain
Confirm with . or Enter, or press ? or * to list all spells.
Your skin crawls.
The gnoll hits you.
You die...

.......
...##..........
#...###.#
#.#.#.....
#.......#
#.#.....
#..(###.###.#.#.#
###...#
##.##.....#
...#.##
##...#.### ...#g#
#####.# #[#
....g######
#g###..>.5
##..........
#.@...#
.#....#####.
####### ...##.#
.#.# .# .### ..
.... ...
.#....g#. ##...#
.# ..g.


You could see a gnoll and a crimson imp (sleeping).

Vanquished Creatures
  An orc priest (D:3)
  An orc wizard (D:3)
  Natasha (D:4)
  3 adders
  An ooze (D:3)
  2 dart slugs
  A giant gecko (D:2)
  2 orcs (D:3)
  2 giant cockroaches
  3 goblins
  6 hobgoblins
  4 bats
  3 giant newts
  2 goblin zombies (D:4)
  4 kobolds (D:1)
  11 rats
47 creatures vanquished.

Vanquished Creatures (others)
  A worm (D:3)
1 creature vanquished.

Grand Total: 48 creatures vanquished

Notes
Turn   | Place    | Note
--------------------------------------------------------------
     0 | D:1      | Loki the Octopode Necromancer began the quest for the Orb.
     0 | D:1      | Reached XP level 1. HP: 11/11 MP: 3/3
     2 | D:1      | Learned a level 1 spell: Animate Skeleton
    65 | D:2      | Reached skill level 1 in Unarmed Combat
   193 | D:1      | Reached XP level 2. HP: 12/17 MP: 5/5
   235 | D:2      | Found a deep blue altar of Sif Muna.
   249 | D:2      | Found a faded altar to an unknown god.
   404 | D:2      | Reached XP level 3. HP: 5/21 MP: 3/6
   422 | D:2      | Found a stormy altar of Qazlal.
   525 | D:2      | Learned a level 3 spell: Regeneration
   792 | D:3      | Reached XP level 4. HP: 26/27 MP: 1/7
   829 | D:4      | Found a sand-covered staircase.
  1074 | D:3      | Reached XP level 5. HP: 7/31 MP: 3/8
  1132 | D:3      | Found a radiant altar of Vehumet.
  1204 | D:4      | Noticed Natasha
  1214 | D:4      | Killed Natasha
  1220 | D:4      | Slain by a gnoll

Vault maps used:
D:1:      sevenhm_arrival_forest_fort_small_3, minmay_rat_gold_closets
D:2:      nicolae_qazlal_general_emergency, led_sif_pool, ecumenical_altar_2,
          first_bread, kennysheep_path_1
D:3:      fiery_altar_vehumet
D:4:      cheibriados_altar_wand_db, enter_ossuary_4,
          minmay_misc_feat_more_columns, minmay_misc_feat_alley, uniq_edmund,
          uniq_natasha

Skill      XL: |  1  2  3  4 |
---------------+-------------+-----
Unarmed Combat | 1 2 3 4 |  4.5
Dodging        | |  2.6
Stealth        | |  2.6
Spellcasting   | |  2.0
Necromancy     | |  4.0

Action                   |  1- 3 |  4- 6 || total
-------------------------+-------+-------++-------
Melee: Unarmed           |    60 |    25 ||    85
       Tentacles         |     6 |     3 ||     9
       Constrict         |    15 |     6 ||    21
       Punch             |     2 |     1 ||     3
 Cast: Pain              |    21 |     8 ||    29
       Regeneration      |     5 |     3 ||     8
  Use: Scroll            |       |     5 ||     5
       Potion            |       |     1 ||     1
 Stab: Sleeping          |    10 |     1 ||    11
  Eat: Fruit             |     4 |       ||     4
Armor: Skin              |    10 |     5 ||    15
Dodge: Dodged            |    50 |    18 ||    68
